 Dungeon Crawl Stone Soup version 0.30.1-4-g462c640d31 (webtiles) character file.

Game seed: 11214999916926263545

84956 Zeor the Severer (level 15, -2/135 HPs)
             Began as a Minotaur Fighter on Sept 8, 2023.
             Was the Champion of Zin.
             Slain by a bunyip (19 damage)
             ... on level 1 of the Swamp on Sept 9, 2023.
             The game lasted 01:17:32 (20415 turns).

Zeor the Severer (Minotaur Fighter)                Turns: 20415, Time: 01:17:32

Health: -2/135     AC: 24    Str: 33    XL:     15   Next: 36%
Magic:  22/22      EV: 12    Int:  5    God:    Zin [******]
Gold:   848        SH:  8    Dex: 16    Spells: 14/14 levels left

rFire   . . .        a - +3 war axe (elec)
rCold   . . .        D - +2 buckler
rNeg    + + +        t - +3 plate armour {rPois}
rPois   +            Q - +1 hat of Qazlal's Regard {Str+5 Dex+3}
rElec   .            s - scarf {repulsion}
rCorr   .            n - +2 pair of gloves {Dex+3}
SInv    +            J - +1 pair of boots
Will    +++++        S - amulet of Eqeaf {Contam rN+++ Will+++ Regen+} Stlth
                     h - ring of flight
HPRegen 1.22/turn    f - ring of Borchuud {Will+ SInv Stlth+}
MPRegen 0.18/turn

%: repel missiles
@: flying
A: horns 2, retaliatory headbutt
a: Renounce Religion, Recite, Vitalisation, Imprison, Sanctuary, Donate Gold


You were on level 1 of the Swamp.
You worshipped Zin.
Zin was exalted by your worship.
You visited 5 branches of the dungeon, and saw 21 of its levels.
You visited 1 bazaar.

You collected 2344 gold pieces.
You spent 1188 gold pieces at shops.
You donated 308 gold pieces to Zin.

Inventory:

Hand Weapons
 a - a +3 war axe of electrocution (weapon)
 F - a +2 hand axe of flaming
 P - a +2 antimagic hand axe
 W - a +0 heavy broad axe
Missiles
 g - 11 boomerangs (quivered)
 i - 5 javelins
 l - 23 poisoned darts
 p - a throwing net
 G - 7 curare-tipped darts
 H - 3 silver boomerangs
 M - 4 silver javelins
 R - 6 atropa-tipped darts
Armour
 n - a +2 pair of gloves of dexterity (worn)
 s - a scarf of repulsion (worn)
 t - a +3 plate armour of poison resistance (worn)
 D - a +2 buckler (worn)
 J - a +1 pair of boots (worn)
 Q - the +1 hat of Qazlal's Regard (worn) {Str+5 Dex+3}
   (You found it on level 3 of the Lair of Beasts)

   Str:       It affects your strength (+5).
   Dex:       It affects your dexterity (+3).
 X - a +2 plate armour of cold resistance
Jewellery
 f - the ring of Borchuud (right hand) {Will+ SInv Stlth+}
   (You bought it in a shop in a bazaar)

   [ring of see invisible]

   SInv:      It lets you see invisible.
   Will:      It increases your willpower.
   Stlth:     It makes you more stealthy.
 h - a ring of flight (left hand)
 r - a +4 ring of slaying
 w - a +6 ring of strength
 x - a +5 ring of evasion
 L - a ring of fire
 S - the amulet of Eqeaf (around neck) {Contam rN+++ Will+++ Regen+}
   (You acquired it on level 10 of the Dungeon)

   [amulet of regeneration]

   rN:        It renders you almost immune to negative energy.
   Contam:    It causes magical contamination when unequipped.
   Regen:     It increases your rate of health regeneration.
   Will:      It greatly increases your willpower.
Wands
 k - a wand of flame (12)
 B - a wand of acid (6)
 E - a wand of iceblast (13)
 K - a wand of digging (4)
 U - a wand of paralysis (5)
Scrolls
 c - 2 scrolls of poison
 m - a scroll of enchant weapon
 q - a scroll of magic mapping
 u - 6 scrolls of teleportation
 y - 2 scrolls of fog
 z - a scroll of identify
 N - 2 scrolls of butterflies
 O - a scroll of blinking
 T - a scroll of immolation
 V - 2 scrolls of enchant armour
 Y - 2 scrolls of vulnerability
 Z - a scroll of fear
Potions
 b - 8 potions of ambrosia
 d - 4 potions of might
 e - 4 potions of flight
 j - 4 potions of haste
 o - 6 potions of mutation
 v - 9 potions of curing
 A - 2 potions of invisibility
 C - 2 potions of attraction
 I - 4 potions of heal wounds


   Skills:
 + Level 13.0 Fighting
 + Level 19.3 Axes
 * Level 11.4 Throwing
 + Level 9.9 Armour
 + Level 8.3 Dodging
 - Level 1.0 Stealth
 + Level 8.6 Shields
 * Level 11.1 Invocations


You had 14 spell levels left.
You didn't know any spells.
Your spell library contained the following spells:

 Spells                   Type           Power      Damage    Failure   Level
 Apportation              Tloc           0%         N/A       98%         1
 Beastly Appendage        Tmut           0%         N/A       98%         1
 Kiss of Death            Conj/Necr      0%         2d5       98%         1
 Necrotise                Necr           0%         1d4       98%         1
 Summon Small Mammal      Summ           0%         N/A       98%         1
 Cigotuvi's Dreadful Rot  Necr/Pois/Air  0%         N/A       99%         2
 Wereblood                Tmut           0%         N/A       99%         2
 Call Canine Familiar     Summ           0%         N/A       100%        3
 Confusing Touch          Hex            0%         N/A       100%        3
 Dazzling Flash           Conj/Hex       0%         N/A       100%        3
 Ignite Poison            Fire/Tmut/Pois 0%         N/A       100%        3
 Portal Projectile        Hex/Tloc       0%         N/A       100%        3
 Spider Form              Tmut/Pois      0%         N/A       100%        3
 Cause Fear               Hex            0%         N/A       100%        4
 Dispel Undead            Necr           0%         3d6       100%        4
 Leda's Liquefaction      Hex/Erth       0%         N/A       100%        4
 Agony                    Necr           0%         N/A       100%        5
 Freezing Cloud           Conj/Ice/Air   0%         6-21      100%        5
 Silence                  Hex/Air        0%         N/A       100%        5
 Dragon Form              Tmut           0%         N/A       100%        7
 Haunt                    Necr/Summ      0%         N/A       100%        7
 Dragon's Call            Summ           0%         N/A       100%        9


Dungeon Overview and Level Annotations

Branches:
Dungeon (12/15)            Temple (1/1) D:7            Lair (5/5) D:10
  Swamp (1/4) Lair:2       Spider (0/4) Lair:3        Slime (0/5) Lair:4
    Orc (2/2) D:10            Elf (0/3) Orc:2

Altars:
Ashenzari
Cheibriados
Dithmenos
Elyvilon
Fedhas
Gozag
Hepliaklqana
Kikubaaqudgha
Makhleb
Nemelex Xobeh
Okawaru
Qazlal
Ru
Sif Muna
Trog
Uskayaw
Vehumet
Wu Jian
Xom
Yredelemnul
Zin
The Shining One

Shops:
D:5 ?   D:12 [   Orc:2 (!(:![

Annotations:
D:3 3 runed translucent doors, SirLogeyBear's ghost, amateur HOBe; Wiggles's ghost, amateur MiBe
D:12 1 runed translucent door, bairyn's ghost, journeyman SpRe
Swamp:1 Kazon's ghost, journeyman DsGl


Innate Abilities, Weirdness & Mutations

You have a pair of horns on your head.
You reflexively headbutt those who attack you in melee.


Message History

You kill the hornet!
A bunyip comes into view.
You see here an alligator corpse.
Things that are here:
a +0 spear; a spriggan corpse You see here an alligator corpse.
A bunyip is nearby!
The death drake hisses angrily.
The bunyip howls a warning cry!
You hear a roar!
The bunyip claws you!! x2
* * * LOW HITPOINT WARNING * * *
The bunyip claws you!!
* * * LOW HITPOINT WARNING * * *
You barely miss the bunyip.
A bunyip comes into view.
You feel much better.
You are ready to recite again.
You slash the bunyip! Lightning courses through the bunyip!
The bunyip is moderately wounded.
Press: ? - help, v - describe, . - travel
Here: a bunyip (moderately wounded)
The floor, spattered with blood.
You slice the bunyip!!
The bunyip is heavily wounded.
The bunyip misses you. The bunyip claws you!!
* * * LOW HITPOINT WARNING * * *
The bunyip misses you.
You slice the bunyip!! You headbutt the bunyip.
The bunyip is almost dead.
An alligator comes into view.
The alligator puts on a burst of speed!
You slash the bunyip! You headbutt the bunyip.
The bunyip is almost dead.
You slash the bunyip! Lightning courses through the bunyip!
You kill the bunyip!
You slash the bunyip! You block the bunyip's attack. The bunyip claws you!!
* * * LOW HITPOINT WARNING * * *
The bunyip claws you!!
You die...

∙~∙~~∙ ∙~~∙~∙∙ ♣♣♣♣♣
∙#∙∙~∙∙♣ ♣♣ ♣∙∙♣♣
∙~∙∙∙~∙~♣♣ ♣∙♣♣ ♣♣♣~∙
∙∙∙~~∙∙∙#♣♣♣∙∙∙♣ ♣♣♣♣∙♣♣
~∙~~~~♣∙~~∙~∙~♣♣♣♣∙♣♣♣♣∙
∙∙~~∙∙∙♣)†∙∙∙♣♣♣∙~∙∙~♣∙♣
~~∙~#∙∙∙∙~~∙♣♣♣∙~∙∙♣∙♣∙♣
~~∙∙∙∙∙H∙∙∙∙~∙♣♣~∙∙♣♣∙∙~
t~∙∙~∙x∙~∙∙∙∙∙∙∙∙∙~♣♣∙∙♣
∙∙∙~#∙∙∙~∙~∙∙~~∙∙∙~♣∙♣♣♣
∙∙∙∙∙∙∙∙∙∙∙∙∙∙∙∙∙∙~∙∙♣♣∙
~~∙∙∙∙∙∙∙∙∙∙∙∙∙∙~∙♣~∙∙♣♣
∙∙∙∙▒▒▒▒▒▒▒▒▒∙∙~~~∙♣♣♣∙♣


∙∙∙∙ ∙kxWvn ▒∙∙∙~♣♣♣ ♣∙ ∙~∙ ∙)if∙∙∙▒∙∙~∙♣ ♣∙ ∙∙▒∙ ▒∙∙~~∙ ♣∙♣ You could see a
ghoul, a shambling mangrove, 2 bunyips, a death drake, an alligator (swift), a
spriggan berserker, a will-o-the-wisp and Kazon's ghost.

Vanquished Creatures
  Rupert (Orc:2)
  Aizul (Swamp:1)
  An orc warlord (Orc:2)
  2 bunyips (Swamp:1)
  2 hydras (Lair:3)
  A ghost crab (Swamp:1)
  4 ogre magi (Orc:2)
  4 boulder beetles
  20 two-headed ogres
  8 death yaks
  2 alligators (Swamp:1)
  An orc high priest (Orc:2)
  Sonja (Orc:2)
  2 skysharks
  Pikel (D:9)
  A bog body (Swamp:1)
  3 orc sorcerers
  3 orc knights
  A wolf spider (Lair:5)
  2 cyclopes (D:12)
  4 ugly things
  5 elephants (Lair:1)
  Maurice (Orc:2)
  An ice statue (D:10)
  6 black mambas (Lair:5)
  A guardian serpent (Lair:5)
  2 gargoyles
  A torpor snail (Lair:5)
  9 cane toads
  Maggie (Lair:1)
  2 kobold demonologists (D:10)
  4 rime drakes
  7 komodo dragons
  An unseen horror (D:12)
  A queen bee (Lair:1)
  16 polar bears
  A tyrant leech (Swamp:1)
  9 trolls
  4 hornets
  9 dream sheep
  A raiju (Lair:5)
  12 blink frogs
  2 vampires (D:9)
  A spriggan (Swamp:1)
  27 yaks
  Eustachio (D:5)
  9 wyverns (Lair:5)
  9 vampire mosquitoes
  A basilisk (Lair:3)
  2 steam dragons
  4 redbacks
  3 swamp worms (Swamp:1)
  5 wargs
  2 acid dragons
  17 water moccasins
  16 hell hounds (Lair:5)
  23 orc warriors
  17 black bears
  2 sky beasts
  3 ice beasts
  35 ogres
  17 wolves
  5 centaurs
  3 kobold brigands
  A gnoll sergeant (D:11)
  6 bullfrogs
  3 scorpions
  9 wights
  29 killer bees
  A howler monkey (D:10)
  21 electric eels
  2 hounds (D:5)
  13 jellies
  17 orc priests
  2 sleepcaps (D:5)
  10 iguanas
  16 orc wizards
  7 gnolls
  11 adders
  2 white imps
  3 worms
  5 dart slugs
  68 orcs
  5 endoplasms
  6 giant cockroaches
  10 goblins
  6 hobgoblins
  2 jackals (D:2)
  7 quokkas
  4 ball pythons
  5 bats
  3 frilled lizards
  11 kobolds
  9 rats
657 creatures vanquished.

Vanquished Creatures (others)
  A two-headed ogre (Orc:2)
  An ogre (Orc:2)
  An orc (D:11)
3 creatures vanquished.

Grand Total: 660 creatures vanquished

Notes
Turn   | Place    | Note
-------+----------+-------------------------------------------
     0 | D:1      | Zeor the Minotaur Fighter began the quest for the Orb.
     0 | D:1      | Reached XP level 1. HP: 19/19 MP: 0/0
   100 | D:1      | Found a faded altar of an unknown god.
   139 | D:1      | Reached XP level 2. HP: 27/27 MP: 1/1
   296 | D:1      | Reached skill level 3 in Axes
   790 | D:2      | Reached XP level 3. HP: 33/33 MP: 2/2
   962 | D:2      | Found a basalt altar of Yredelemnul.
  1262 | D:2      | Reached skill level 4 in Axes
  1673 | D:3      | Reached XP level 4. HP: 20/40 MP: 3/3
  1890 | D:3      | Found a runed translucent gate.
  1890 | D:3      | Found a runed translucent gate.
  1890 | D:3      | Found a runed translucent gate.
  1891 | D:3      | Noticed Wiggles's ghost (amateur MiBe)
  1892 | D:3      | Noticed SirLogeyBear's ghost (amateur HOBe)
  2295 | D:3      | Reached skill level 5 in Axes
  2684 | D:4      | Found a hide-covered altar of Uskayaw.
  2781 | D:4      | Reached XP level 5. HP: 33/46 MP: 4/4
  3469 | D:5      | Entered Level 5 of the Dungeon
  3471 | D:5      | Got the Discourse on Gloom and the Birds
  3474 | D:5      | Found Ybunt's Magic Scroll Shoppe.
  3480 | D:5      | Bought a scroll of identify for 20 gold pieces
  3480 | D:5      | Bought a scroll of brand weapon for 95 gold pieces
  3480 | D:5      | Bought a scroll of teleportation for 30 gold pieces
  3488 | D:5      | Noticed Eustachio
  3496 | D:5      | Killed Eustachio
  3497 | D:5      | Reached skill level 6 in Axes
  3497 | D:5      | Reached XP level 6. HP: 51/53 MP: 5/5
  3568 | D:5      | Reached skill level 7 in Axes
  3638 | D:5      | Reached skill level 5 in Armour
  3690 | D:5      | Reached skill level 1 in Throwing
  3797 | D:5      | Reached XP level 7. HP: 49/60 MP: 6/6
  3885 | D:5      | Reached skill level 8 in Axes
  4431 | D:6      | Reached skill level 9 in Axes
  4431 | D:6      | Reached XP level 8. HP: 56/67 MP: 7/7
  4588 | D:6      | Reached skill level 5 in Fighting
  4588 | D:6      | Reached skill level 1 in Dodging
  4756 | D:6      | Reached skill level 10 in Axes
  5080 | D:6      | Found a shimmering altar of Xom.
  5467 | D:7      | Found a staircase to the Ecumenical Temple.
  5482 | Temple   | Entered the Ecumenical Temple
  5600 | Temple   | Became a worshipper of Zin the Law-Giver
  5600 | Temple   | Reached * piety under Zin
  5711 | D:7      | Reached skill level 1 in Stealth
  5796 | D:7      | Reached skill level 1 in Invocations
  6208 | D:8      | Reached XP level 9. HP: 75/75 MP: 9/9
  6215 | D:8      | Reached skill level 11 in Axes
  6753 | D:8      | Reached ** piety under Zin
  6875 | D:8      | Reached skill level 12 in Axes
  6999 | D:8      | Donated 120 gold pieces to Zin
  7080 | D:8      | Reached skill level 5 in Shields
  7231 | D:8      | Reached XP level 10. HP: 76/84 MP: 11/11
  7652 | D:8      | Reached skill level 13 in Axes
  7866 | D:9      | Reached skill level 5 in Throwing
  8146 | D:9      | Noticed Pikel
  8153 | D:9      | Killed Pikel
  8650 | D:9      | Found a white marble altar of Elyvilon.
  8685 | D:9      | Reached skill level 14 in Axes
  8909 | D:10     | Entered Level 10 of the Dungeon
  8909 | D:10     | Found a staircase to the Lair.
  8917 | D:10     | Reached *** piety under Zin
  8938 | D:10     | Noticed a gargoyle
  8955 | D:10     | Killed a gargoyle
  9025 | Lair:1   | Entered Level 1 of the Lair of Beasts
  9036 | Lair:1   | Noticed a skyshark
  9042 | Lair:1   | Killed a skyshark
  9043 | Lair:1   | Reached skill level 5 in Invocations
  9083 | Lair:1   | Reached XP level 11. HP: 77/92 MP: 13/13
  9240 | Lair:1   | Noticed Maggie
  9252 | Lair:1   | Killed Maggie
  9258 | Lair:1   | Reached skill level 15 in Axes
  9431 | Lair:1   | Noticed a death yak
  9431 | Lair:1   | Noticed a death yak
  9432 | Lair:1   | Noticed a death yak
  9432 | Lair:1   | Noticed a death yak
  9432 | Lair:1   | Noticed a death yak
  9432 | Lair:1   | Noticed a boulder beetle
  9448 | Lair:1   | Killed a death yak
  9448 | Lair:1   | Killed a death yak
  9452 | Lair:1   | Killed a death yak
  9456 | Lair:1   | Killed a death yak
  9460 | Lair:1   | Killed a death yak
  9464 | Lair:1   | Killed a boulder beetle
  9465 | Lair:1   | Reached skill level 16 in Axes
  9479 | Lair:1   | Reached skill level 5 in Dodging
  9930 | Lair:1   | Reached XP level 12. HP: 103/103 MP: 15/15
 10829 | Lair:2   | Found a staircase to the Swamp.
 10994 | Lair:2   | Reached **** piety under Zin
 11495 | Lair:3   | Noticed a five-headed hydra
 11509 | Lair:3   | Killed a one-headed hydra
 11545 | Lair:3   | Noticed an eight-headed hydra
 11553 | Lair:3   | Killed a five-headed hydra
 11554 | Lair:3   | Reached skill level 17 in Axes
 11907 | Lair:3   | Noticed a death yak
 11907 | Lair:3   | Noticed a death yak
 11907 | Lair:3   | Noticed a death yak
 11917 | Lair:3   | Killed a death yak
 11922 | Lair:3   | Killed a death yak
 11928 | Lair:3   | Killed a death yak
 12014 | Lair:3   | Identified the +1 hat of Qazlal's Regard {Str+5 Dex+3}
 12338 | Lair:3   | Found a hole to the Spider Nest.
 12991 | Lair:4   | Found a staircase to the Slime Pits.
 13056 | Lair:4   | Found a sparkling altar of Nemelex Xobeh.
 13253 | Lair:4   | Reached skill level 10 in Fighting
 13261 | Lair:4   | Reached XP level 13. HP: 111/113 MP: 17/17
 13786 | Lair:5   | Entered Level 5 of the Lair of Beasts
 14149 | Lair:5   | Reached ***** piety under Zin
 14731 | Lair:5   | Reached skill level 18 in Axes
 14895 | Lair:5   | Reached XP level 14. HP: 52/124 MP: 19/19
 15752 | D:10     | Identified a scroll of acquirement
 15759 | D:10     | Acquired the amulet of Eqeaf {Contam rN+++ Will+++ Regen+}
 15927 | D:10     | Found a blossoming altar of Fedhas.
 15927 | D:10     | Found a sparkling altar of Nemelex Xobeh.
 16273 | D:10     | Reached skill level 10 in Throwing
 16319 | D:10     | Found a staircase to the Orcish Mines.
 16682 | Orc:1    | Entered Level 1 of the Orcish Mines
 16739 | Orc:2    | Entered Level 2 of the Orcish Mines
 16742 | Orc:2    | Noticed an orc warlord
 16745 | Orc:2    | Found a flickering gateway to a bazaar.
 16748 | Orc:2    | Noticed Sonja
 16755 | Orc:2    | Killed Sonja
 16766 | Bazaar   | Entered a bazaar
 16766 | Bazaar   | Found Qinejoo's Book Shop.
 16766 | Bazaar   | Found Tyavvom's Antique Armour Emporium.
 16766 | Bazaar   | Found Ivvobrus's Jewellery Shop.
 16766 | Bazaar   | Found Ricoso's Jewellery Shoppe.
 16792 | Bazaar   | Found Johuipu's Antique Weapon Boutique.
 16809 | Bazaar   | Reached ****** piety under Zin
 16875 | Bazaar   | Bought a runed broad axe for 182 gold pieces
 16884 | Bazaar   | Bought the ring of Borchuud {Will+ SInv Stlth+} for 273
                  | gold pieces
 16911 | Orc:2    | Killed an orc warlord
 16961 | Orc:2    | Reached skill level 10 in Invocations
 17031 | Orc:2    | Noticed Maurice
 17045 | Orc:2    | Killed Maurice
 17208 | Orc:2    | Found Tahir's Antique Armour Emporium.
 17216 | Orc:2    | Bought a pair of embroidered boots for 187 gold pieces
 17335 | Orc:2    | Reached skill level 19 in Axes
 17347 | Orc:2    | Found a staircase to the Elven Halls.
 17350 | Orc:2    | Noticed Rupert
 17376 | Orc:2    | Killed Rupert
 17492 | Orc:2    | Found Amenneoth's Distillery.
 17492 | Orc:2    | Found Esonoel's Book Shop.
 17493 | Orc:2    | Found Qeishroac's Antique Weapon Boutique.
 17493 | Orc:2    | Found Xun Zixt's Weapon Emporium.
 17500 | Orc:2    | Bought a potion of heal wounds for 90 gold pieces
 17523 | Orc:2    | Found Eble Ral's Distillery.
 17531 | Orc:2    | Bought a potion of might for 64 gold pieces
 17830 | Orc:1    | Reached XP level 15. HP: 134/134 MP: 21/21
 18922 | D:12     | Noticed bairyn's ghost (journeyman SpRe)
 18922 | D:12     | Found a runed translucent door.
 18922 | D:12     | Found a shimmering altar of Xom.
 19232 | D:12     | Found Ituoz's Antique Armour Shoppe.
 19239 | D:12     | Bought a pair of glowing gloves for 247 gold pieces
 20017 | Swamp:1  | Entered Level 1 of the Swamp
 20384 | Swamp:1  | Noticed a fenstrider witch
 20386 | Swamp:1  | Noticed Kazon's ghost (journeyman DsGl)
 20388 | Swamp:1  | Noticed Aizul
 20400 | Swamp:1  | Killed Aizul
 20415 | Swamp:1  | Slain by a bunyip

Illustrated notes

Levels and vault maps discovered:
D:1:      minmay_arrival_floating_metal, layout_loops_ring,
          basic_ecumenical_altar, hangedman_decor_points
D:2:      kennysheep_six_static_rooms, layout_loops_ring, basic_altar,
          corexii_leaking_fountain, minmay_pentomino_x2
D:3:      layout_loops_ring, gammafunk_ghost_cemetery,
          ebering_dispersal_statue_hall, kennysheep_donut
D:4:      layout_basic, eat_drink_and_be_merry_uskayaw, serial_forest,
          infiniplex_forest_clump_small, infiniplex_forest_zigzag_1,
          infiniplex_forest_lined_3, infiniplex_forest_zigzag_2,
          infiniplex_forest_lined_room_3
D:5:      layout_loops_ring, serial_shops, shop, uniq_eustachio
D:6:      layout_basic, mainiacjoe_overflow_tiny_flanked
D:7:      layout_cave_pools, minmay_temple_entry_junction_2, sigmund_army
D:8:      layout_basic, serial_bayou, serial_bayou_pond_a, serial_bayou_pond_d,
          serial_bayou_lagoon_b, serial_bayou_pond_b, nicolae_titane
D:9:      layout_irregular_city, elyvilon_altar_5, minmay_variable_closet,
          uniq_pikel
D:10:     cheibrodos_helix_gallery, layout_basic,
          nicolae_overflow_two_pavilions, david_orc_4, minivault_16,
          kennysheep_generic_room_11
D:11:     layout_basic, minmay_misc_feat_more_columns, small_statue_alley_a
D:12:     layout_stronghold, ebering_ghost_xom, serial_shops,
          nicolae_shop_tiny_waterfront
Temple:   minmay_temple_bridge_d
Lair:1:   layout_roguey [special_room_bee], uniq_maggie
Lair:2:   beast_lair_carwin_large_1, layout_hall_layers,
          minmay_swamp_entry_eels, columned_hall_lemuel
Lair:3:   layout_regular_city, spider_nest_entry_webs, grunt_megastairs_2,
          infiniplex_staircase_pool_2, lemuel_fruit_tree
Lair:4:   layout_cellular_growth, minmay_slime_entry_jelly_boxes, basic_altar
Lair:5:   hangedman_lair_tendril_chambers, layout_concentric_octagons,
          hangedman_lair_caniforms_friends, ldierk_geyser
Swamp:1:  layout_falls_marsh, gammafunk_ghost_split,
          nicolae_swamp_ascending_descending_big,
          nicolae_swamp_very_dense_foliage, uniq_aizul, uniq_mlioglotl
Orc:1:    layout_caves
Orc:2:    st_orc_ogre_mass, layout_caves, serial_shops, bzr_entry_lakeside,
          nicolae_shop_peninsula, shop, basic_altar, uniq_sonja, uniq_maurice,
          uniq_rupert

Skill      XL: |  1  2  3  4  5  6  7  8  9 10 11 12 13 14 15 |
---------------+----------------------------------------------+-----
Shields        | 4 5 6 7 8 |  8.6
Axes           | 3 4 5 6 7 9 10 12 14 16 17 18 19 | 19.3
Fighting       | 4 5 6 7 8 10 11 12 13 | 13.0
Armour         | 4 5 6 7 8 9 |  9.9
Throwing       | 1 3 4 5 6 8 9 11 | 11.4
Dodging        | 1 2 4 5 6 7 8 |  8.3
Stealth        | 1 |  1.0
Invocations    | 1 3 5 6 7 8 10 11 | 11.1

Action                     |  1- 3 |  4- 6 |  7- 9 | 10-12 | 13-15 || total
---------------------------+-------+-------+-------+-------+-------++-------
  Melee: War axe           |   102 |    96 |   137 |   344 |   621 ||  1300
         Headbutt          |     9 |    14 |    31 |    76 |   160 ||   290
         Hand axe          |       |       |       |    11 |       ||    11
  Throw: Dart              |       |     1 |       |     3 |       ||     4
         Boomerang         |       |       |     2 |    37 |    30 ||    69
         Javelin           |       |       |       |       |    10 ||    10
 Invoke: Recite            |       |       |     2 |     7 |    18 ||    27
         Donate Gold       |       |       |     1 |       |       ||     1
         Vitalisation      |       |       |       |     2 |     5 ||     7
  Evoke: Wand              |       |       |       |       |     1 ||     1
    Use: Scroll            |     9 |     7 |     7 |     6 |     8 ||    37
         Potion            |       |       |     1 |     2 |     3 ||     6
   Stab: Confused          |       |       |       |     2 |    14 ||    16
         Invisible         |       |       |       |     1 |     9 ||    10
         Paralysed         |       |       |       |       |     6 ||     6
 Armour: Scale mail        |    12 |       |       |       |       ||    12
         Chain mail        |    31 |    25 |       |       |       ||    56
         Leather armour    |       |     7 |    54 |    20 |       ||    81
         Pearl dragon scal |       |       |       |    31 |     5 ||    36
         Swamp dragon scal |       |       |       |    63 |    51 ||   114
         Plate armour      |       |       |       |       |    62 ||    62
  Dodge: Dodged            |    46 |    25 |    71 |   174 |   316 ||   632
         Repelled          |       |       |       |       |     1 ||     1
  Block: Buckler           |    28 |    16 |    17 |    65 |   156 ||   282
